AoeStats
← Boudboud

MegaRandom

506523612Analyzed
2v2 RM · 17d ago on Sep 13, 2026· 24m 59s· 4 players
Game mode
Random Map
Map size
Medium (4 player)
Population
200
Speed
Normal
Resources
Standard
Victory
Conquest
Starting age
Dark Age
Ending age
Imperial Age
RankedLock teamsTeams togetherTeam positionsShared explorationLock speedFull tech treeHidden civsTurbo modeCheats
Victory
Defeat
🇬🇧 Britons · United Kingdom
927
+13
🇫🇷 Franks · France
870
+43
🇵🇹 Wei · Portugal
902
-16
🇵🇹 Mongols · Portugal
827
-13
Sir KuBo PC
0:37 Loom
17:22 Feudal Age
17:56 Fishing Lines
18:23 Double-Bit Axe
19:15 Wheelbarrow
18:23 Horse Collar
19:20 Arson
22:11 Gold Mining
22:31 Man-at-Arms
26:06 Castle Age
24:25 Stone Mining
BlueDragon_Tuga
1:18 Loom
djd1993
12:35 Feudal Age
13:09 Double-Bit Axe
21:29 Castle Age
19:32 Horse Collar
22:47 Forging
24:39 Ballistics
23:44 Crossbowman
24:23 Fletching
26:04 Wheelbarrow
Boudboud
12:07 Feudal Age
14:36 Double-Bit Axe
20:17 Castle Age
19:05 Scale Mail Armor
19:05 Padded Archer Armor
19:57 Gold Mining
20:54 Forging
20:35 Fletching
20:50 Scale Barding Armor
21:53 Wheelbarrow
21:40 Husbandry
Connection lost

Rejoining the realm…

Still unreachable

The connection could not be restored.

Session expired

The server has moved on; the page needs a fresh start.